 Dungeon Crawl Stone Soup version 0.28-a0-674-gdaf460b524 (webtiles) character file.

Game seed: 8192864714114648019

196795 flotson the Fighter (level 18, 142/142 HPs)
             Began as a Demonspawn Delver on Oct 15, 2021.
             Was an Initiate of Gozag.
             Quit the game on level 1 of the Spider Nest on Oct 17, 2021.
             The game lasted 01:36:18 (42650 turns).

flotson the Fighter (Demonspawn Delver)            Turns: 42650, Time: 01:36:18

Health: 142/142    AC: 23    Str: 19    XL:     18   Next: 16%
Magic:  18/18      EV: 13    Int: 27    God:    Gozag
Gold:   400        SH: 24    Dex: 13    Spells: 17/17 levels left

rFire   . . .      SeeInvis +   a - +4 broad axe (flame)
rCold   + . .      Faith    .   X - +0 tower shield
rNeg    + + +      Spirit   .   z - +5 chain mail of Meqen {Drain rN+++ rCorr Int+6}
rPois   +          Reflect  .   Q - +1 helmet {SInv}
rElec   +          Harm     .   W - scarf {repulsion}
rCorr   +          Rampage  .   (gloves unavailable)
Will    +....                   P - +2 pair of boots {Fly}
Stlth   ..........              I - amulet of regeneration
HPRegen 1.33/turn               M - ring of the City {rPois rC+ Dex+3}
MPRegen 0.16/turn               f - ring of the Original Sin {rElec EV+4 Int+7 Dex-4}

@: flying, studying Throwing, repel missiles
A: claws 3, large bone plates 3, ignite blood 3, demonic magic 1
a: Renounce Religion, Potion Petition, Call Merchant, Bribe Branch


You were on level 1 of the Spider Nest.
You worshipped Gozag.
Gozag was aware of your devotion.
You visited 6 branches of the dungeon, and saw 27 of its levels.
You also visited: Gauntlet and Ice Cave.

You collected 9465 gold pieces.
You spent 4075 gold pieces at shops.
You paid 4990 gold pieces to Gozag.

Inventory:

Hand Weapons
 a - a +4 broad axe of flaming (weapon)
 b - the +6 hand crossbow "Ivijed" {flame, Will+}
   (You bought it in a shop on level 1 of the Dungeon)

   Any ammunition fired from it burns those it strikes, dealing additional fire
   damage.
   Will:      It increases your willpower.
Missiles
 l - 2 throwing nets (quivered)
 m - 54 bolts
 q - 2 boomerangs of dispersal
 t - 12 javelins
 y - a curare-tipped dart
Armour
 u - a scarf of shadows
 z - the +5 chain mail of Meqen (worn) {Drain rN+++ rCorr Int+6}
   (You found it on level 4 of the Dungeon)

   Int:       It affects your intelligence (+6).
   rN:        It renders you almost immune to negative energy.
   rCorr:     It protects you from acid and corrosion.
   Drain:     It drains your maximum health when unequipped.
 P - a +2 pair of boots of flying (worn)
 Q - a +1 helmet of see invisible (worn)
 W - a scarf of repulsion (worn)
 X - a +0 tower shield (worn)
Jewellery
 f - the ring of the Original Sin (right claw) {rElec EV+4 Int+7 Dex-4}
   (You found it in a Gauntlet)

   [ring of evasion]

   EV:        It affects your evasion (+4).
   Int:       It affects your intelligence (+7).
   Dex:       It affects your dexterity (-4).
   rElec:     It insulates you from electricity.
 p - the ring of Raint {rElec rCorr Stlth+}
   (You found it in a Gauntlet)

   [ring of resist corrosion]

   rElec:     It insulates you from electricity.
   rCorr:     It protects you from acid and corrosion.
   Stlth:     It makes you more stealthy.
 F - a +6 ring of dexterity
 H - a +4 ring of protection
 I - an amulet of regeneration (around neck)
 M - the ring of the City (left claw) {rPois rC+ Dex+3}
   (You found it on level 12 of the Dungeon)

   [ring of poison resistance]

   Dex:       It affects your dexterity (+3).
   rC:        It protects you from cold.
   rPois:     It protects you from poison.
Wands
 i - a wand of iceblast (22)
 w - a wand of paralysis (15)
 x - a wand of polymorph (23)
 B - a wand of flame (70)
 U - a wand of digging (20)
Scrolls
 c - 7 scrolls of fog
 d - 4 scrolls of magic mapping
 e - 3 scrolls of fear
 g - 2 scrolls of summoning
 r - 7 scrolls of teleportation
 s - a scroll of identify
 E - 2 scrolls of torment
 G - a scroll of silence
 J - 3 scrolls of vulnerability
 K - a scroll of brand weapon
 L - a scroll of blinking
 N - 4 scrolls of holy word
 R - 2 scrolls of immolation
 S - a scroll of enchant armour
Potions
 h - 3 potions of lignification
 j - 5 potions of might
 k - a potion of ambrosia
 n - 7 potions of attraction
 o - 13 potions of curing
 v - 2 potions of haste
 A - 3 potions of berserk rage
 C - 2 potions of invisibility
 D - 2 potions of resistance
 V - 2 potions of cancellation
 Y - a potion of heal wounds
Miscellaneous
 T - a box of beasts


   Skills:
 + Level 12.7 Fighting
 + Level 11.7(11.9) Axes
 - Level 3.5(8.3) Maces & Flails
 - Level 8.2 Crossbows
 - Level 8.6 Throwing
 + Level 11.4 Armour
 + Level 11.6 Dodging
 - Level 4.5 Stealth
 + Level 10.7 Shields
 - Level 9.1 Evocations


You had 17 spell levels left.
You didn't know any spells.
Your spell library contained the following spells:

 Spells                   Type           Power      Damage    Failure   Level
 Foxfire                  Conj/Fire      0%         2x1d4     99%         1
 Corpse Rot               Necr/Air       0%         N/A       100%        2
 Passwall                 Tmut/Erth      0%         N/A       100%        2
 Poisonous Vapours        Pois/Air       0%         N/A       100%        2
 Scorch                   Fire           0%         2d5       100%        2
 Call Canine Familiar     Summ           0%         N/A       100%        3
 Conjure Flame            Conj/Fire      0%         6-21      100%        3
 Dazzling Flash           Conj/Hex       0%         N/A       100%        3
 Ignite Poison            Fire/Tmut/Pois 0%         N/A       100%        3
 Inner Flame              Hex/Fire       0%         N/A       100%        3
 Mephitic Cloud           Conj/Pois/Air  0%         N/A       100%        3
 Portal Projectile        Hex/Tloc       0%         N/A       100%        3
 Swiftness                Air            0%         N/A       100%        3
 Tukima's Dance           Hex            0%         N/A       100%        3
 Flame Wave               Conj/Fire      0%         3d3       100%        4
 Hailstorm                Conj/Ice       0%         3d3       100%        4
 Ice Form                 Ice/Tmut       0%         N/A       100%        4
 Leda's Liquefaction      Hex/Erth       0%         N/A       100%        4
 Passage of Golubria      Tloc           0%         N/A       100%        4
 Agony                    Necr           0%         N/A       100%        5
 Blade Hands              Tmut           0%         N/A       100%        5
 Irradiate                Conj/Tmut      0%         3d13      100%        5
 Silence                  Hex/Air        0%         N/A       100%        5
 Summon Mana Viper        Hex/Summ       0%         N/A       100%        5
 Yara's Violent Unravell  Hex/Tmut       0%         3d3       100%        5
 Invisibility             Hex            0%         N/A       100%        6
 Simulacrum               Ice/Necr       0%         N/A       100%        6
 Summon Cactus Giant      Summ           0%         N/A       100%        6
 Dragon Form              Tmut           0%         N/A       100%        7


Dungeon Overview and Level Annotations

Branches:
Dungeon (15/15)            Temple (1/1) D:6            Lair (6/6) D:10
  Swamp (1/4) Lair:4       Spider (2/4) Lair:4        Slime (0/5) Lair:5
    Orc (2/2) D:12            Elf (0/3) Orc:2        Vaults (0/5) D:14
 Depths (0/4) D:15          IceCv (visited)         Gauntlet (visited)

Altars:
Ashenzari
Cheibriados
Dithmenos
Elyvilon
Gozag
Hepliaklqana
Kikubaaqudgha
Makhleb
Ru
Sif Muna
Trog
Uskayaw
Vehumet
Xom
Yredelemnul
Zin
Beogh

Shops:
D:1 ([*[[   D:11 ?   D:12 **   Orc:2 :***!=(=[   Lair:4 *


Innate Abilities, Weirdness & Mutations

You have claws for hands.
You are completely covered in large bone plates. (SH +8)
Your demonic aura causes all spilled blood to erupt in flames.
Spells you cast may paralyse adjacent enemies.


Message History

Search for what [Enter for "scale", or ? for help]? artifact Unknown command.
Unknown command.
Unknown command.
Search for what [Enter for "artifact", or ? for help]? chain Unknown command.
Search for what [Enter for "chain", or ? for help]? scales Can't find anything matching that.
Unknown command.
Done exploring.
(D) Dungeon (T) Temple (L) Lair (S) Swamp (N) Spider Nest (M) Slime Pits (O) Orcish Mines (E) Elven Halls (V) Vaults (U) Depths
Where to? (Enter - Swamp:1, ? - help)
Okay, then.
Options error: Full pregeneration is not allowed on this build of crawl. (~/.crawlrc:90) Welcome back, flotson the Demonspawn Delver.
Gozag says: Greed is good.
Press ? for a list of commands and other information.
Done exploring.
(D) Dungeon (T) Temple (L) Lair (S) Swamp (N) Spider Nest (M) Slime Pits (O) Orcish Mines (E) Elven Halls (V) Vaults (U) Depths
Where to? (? - help)
There is a stone staircase leading down here.
You fly downwards.
There is a stone staircase leading up here.
(D) Dungeon (T) Temple (L) Lair (S) Swamp (N) Spider Nest (M) Slime Pits (O) Orcish Mines (E) Elven Halls (V) Vaults (U) Depths
Where to? (Enter - Lair:5, ? - help)
What level of the Spider Nest? (default 1, ? - help)
You fly upwards.
There is a stone staircase leading down here.
There is a hole to the Spider Nest, spattered with blood here.
You fly downwards.
Welcome back to the Spider Nest!
This branch is unnaturally silent, and so sound travels much further.
This branch contains the gossamer rune of Zot.
There is a crawl-hole back to the Lair, spattered with blood here.
Are you sure you want to abandon this character and quit the game? (Confirm with "yes".)

### #..#.# ##### ###.### ##..##
#...#.###....##
##^...#....#...##
###..#^.#....##...#
#....#.#...#......##
##..#......#.#.....#
#####..#....##..###.###
##.##...###.#.##@.^###
#...##.....##..#...#
#..###...##.^#...#######
##.....###.....#..###..###
##......#..##.#..##..)#..###
...#^.#.#..####........#.#.####
#..##.###...#...#...#.........#
.....#^..##....#####..##...#..##
#.....#.##...###....#.^##......#


There were no monsters in sight!

Vanquished Creatures
  A tengu reaver (D:12)
  2 frost giants
  The ghost of Spaninq the Abyss-Baptised, a journeyman DsAK of Lugonu (Orc:2)
  2 orc warlords
  An entropy weaver (Lair:4)
  A spark wasp (Spider:2)
  A minotaur (Gauntlet)
  An ettin (D:15)
  A fire dragon (Lair:6)
  The ghost of ytrimaz the Basher, a journeyman MiBe of Trog (D:12)
  9 hydras
  2 ogre magi
  A death knight (D:14)
  3 centaur warriors
  A catoblepas (Lair:6)
  8 two-headed ogres
  2 alligators (Swamp:1)
  2 tengu warriors
  4 death yaks (IceCv)
  4 orc high priests
  5 skeletal warriors
  2 deep trolls (D:15)
  A fire crab (Lair:6)
  A bog body (Lair:4)
  An obsidian statue (D:12)
  A phantasmal warrior (D:14)
  7 ugly things
  8 orb spiders
  2 necromancers
  18 wolf spiders
  5 orc sorcerers
  An oklob plant (D:10)
  3 orc knights
  A deep elf pyromancer (D:15)
  8 cyclopes
  4 manticores
  8 elephants
  8 black mambas
  3 centaur zombies
  Maurice (D:10)
  Joseph (D:7)
  3 molten gargoyles (Lair:6)
  2 ice statues
  13 cane toads
  3 gargoyles
  3 demonic crawlers (Spider:1)
  A cane toad (shapeshifter) (D:13)
  6 rime drakes
  An efreet (D:15)
  A tengu conjurer (D:15)
  2 ice devils (Orc:1)
  3 freezing wraiths
  12 trolls
  6 komodo dragons
  12 jumping spiders
  A hornet (D:7)
  17 polar bears
  A tyrant leech (Lair:4)
  Prince Ribbit (Lair:2)
  11 blink frogs
  10 dream sheep
  Grinder (D:5)
  13 slime creatures
  A spectral black mamba (Gauntlet)
  2 spriggans (Lair:3)
  A water elemental (D:12)
  21 redbacks
  4 wyverns
  A wraith (D:12)
  4 shadows
  56 yaks
  13 tarantellas
  10 basilisks
  2 steam dragons
  10 vampire mosquitoes
  A warg (Orc:2)
  3 swamp worms (Lair:4)
  3 acid dragons
  17 water moccasins
  38 orc warriors
  4 hell hounds (Lair:6)
  A swamp drake (D:12)
  5 black bears
  An ice beast (shapeshifter) (D:14)
  3 sky beasts
  5 ice beasts
  4 ogres
  70 wolves
  9 centaurs
  3 phantoms
  2 wyvern zombies
  9 bullfrogs
  8 scorpions
  3 gnoll sergeants
  6 killer bees (D:9)
  8 wights
  8 howler monkeys
  10 electric eels
  4 lava snakes (Lair:6)
  2 bullfrog zombies
  4 hounds
  A centaur skeleton (D:5)
  A jelly (D:7)
  2 bullfrog skeletons
  8 orc priests
  An iguana (D:7)
  29 orc wizards
  A scorpion zombie (D:5)
  3 killer bee zombies
  A hound skeleton (D:4)
  5 adders
  19 gnolls
  A howler monkey skeleton (D:5)
  A shadow imp (D:5)
  3 white imps
  2 worms
  3 dart slugs
  75 orcs
  9 ball pythons
  2 endoplasms (D:1)
  2 giant cockroaches
  5 goblins
  6 hobgoblins
  2 quokkas
  8 bats
  5 frilled lizards
  7 kobolds
  A rat (D:3)
819 creatures vanquished.

Vanquished Creatures (collateral kills)
  The ghost of siradein the Summoner, a journeyman DrSu of Hepliaklqana (Orc:2)
1 creature vanquished.

Vanquished Creatures (others)
  A tengu conjurer (D:15)
  A bloated husk (Swamp:1)
  A lava snake (Lair:6)
  43 fungi
  56 plants
  6 withered plants
108 creatures vanquished.

Grand Total: 928 creatures vanquished

Notes
Turn   | Place    | Note
-------+----------+-------------------------------------------
     0 | D:5      | flotson the Demonspawn Delver began the quest for the Orb.
     0 | D:5      | Reached XP level 1. HP: 18/18 MP: 1/1
    23 | D:5      | Noticed a phantom
   196 | D:4      | Reached skill level 1 in Armour
   196 | D:4      | Gained mutation: You have sharp fingernails. [demonic
                  | ancestry]
   196 | D:4      | Reached XP level 2. HP: 19/24 MP: 2/2
   496 | D:3      | Noticed a scorpion
   641 | D:2      | Gained mutation: Your demonic aura sometimes causes spilled
                  | blood to erupt in flames. [demonic ancestry]
   641 | D:2      | Reached XP level 3. HP: 28/29 MP: 3/3
   882 | D:1      | Found a faded altar of an unknown god.
   933 | D:1      | Found Xoopso's Antique Armour Shoppe.
  1609 | D:1      | Bought a kite shield for 112 gold pieces
  1942 | D:2      | Gained mutation: You are partially covered in large bone
                  | plates. (SH +4) [demonic ancestry]
  1942 | D:2      | Reached XP level 4. HP: 26/36 MP: 4/4
  2152 | D:2      | Reached skill level 1 in Throwing
  2479 | D:3      | Killed a scorpion
  2480 | D:3      | Gained mutation: You have very sharp fingernails. [demonic
                  | ancestry]
  2480 | D:3      | Reached XP level 5. HP: 42/42 MP: 5/5
  2717 | D:3      | Reached skill level 1 in Shields
  3373 | D:4      | Noticed a black bear
  3388 | D:4      | Killed a black bear
  3389 | D:4      | Reached skill level 4 in Fighting
  3389 | D:4      | Gained mutation: Your demonic aura often causes spilled
                  | blood to erupt in flames. [demonic ancestry]
  3389 | D:4      | Reached XP level 6. HP: 48/48 MP: 6/6
  3863 | D:4      | Identified the +5 chain mail of Meqen {Drain rN+++ rCorr
                  | Int+6}
  4204 | D:5      | Noticed Grinder
  4204 | D:5      | Paralysed by Grinder for 5 turns
  4232 | D:5      | Paralysed by Grinder for 3 turns
  4236 | D:5      | Killed Grinder
  4237 | D:5      | Reached skill level 1 in Evocations
  4237 | D:5      | Gained mutation: Your demonic aura causes all spilled blood
                  | to erupt in flames. [demonic ancestry]
  4237 | D:5      | Reached XP level 7. HP: 32/55 MP: 7/7
  4607 | D:5      | Gained mutation: You have claws for hands. [demonic
                  | ancestry]
  4607 | D:5      | Reached XP level 8. HP: 56/61 MP: 8/8
  4874 | D:5      | Reached skill level 5 in Fighting
  5164 | D:6      | Found a bloodstained altar of Trog.
  5642 | D:6      | Gained mutation: You are mostly covered in large bone
                  | plates. (SH +6) [demonic ancestry]
  5642 | D:6      | Reached XP level 9. HP: 64/68 MP: 9/9
  5991 | D:6      | Found a staircase to the Ecumenical Temple.
  6000 | Temple   | Entered the Ecumenical Temple
  6005 | Temple   | Became a worshipper of Gozag Ym Sagoz the Greedy
  6493 | D:6      | Reached skill level 5 in Dodging
  6719 | D:7      | Reached skill level 6 in Fighting
  7070 | D:7      | Noticed Joseph
  7080 | D:7      | Killed Joseph
  7081 | D:7      | Reached skill level 5 in Axes
  7269 | D:7      | Reached skill level 5 in Armour
  7502 | D:7      | Reached XP level 10. HP: 77/77 MP: 10/10
  8053 | D:8      | Reached skill level 1 in Crossbows
  8286 | D:8      | Reached skill level 5 in Throwing
  8286 | D:8      | Reached skill level 5 in Evocations
  9262 | D:9      | Reached skill level 5 in Shields
  9623 | D:9      | Noticed a two-headed ogre
  9934 | D:9      | Killed a two-headed ogre
  9935 | D:9      | Reached skill level 7 in Fighting
 10175 | D:9      | Noticed a white ugly thing
 10227 | D:9      | Killed a white ugly thing
 10386 | D:9      | Noticed a manticore
 10386 | D:9      | Noticed a two-headed ogre
 10492 | D:9      | Killed a manticore
 10493 | D:9      | Gained mutation: You are completely covered in large bone
                  | plates. (SH +8) [demonic ancestry]
 10493 | D:9      | Reached XP level 11. HP: 52/84 MP: 11/11
 10776 | D:10     | Entered Level 10 of the Dungeon
 11327 | D:10     | Noticed Maurice
 11331 | D:10     | Found a staircase to the Lair.
 11332 | D:10     | Noticed an oklob plant
 11683 | D:10     | Killed Maurice
 12114 | D:10     | Killed an oklob plant
 12637 | Lair:1   | Entered Level 1 of the Lair of Beasts
 13853 | Lair:2   | Noticed Prince Ribbit
 13868 | Lair:2   | Killed Prince Ribbit
 14595 | Lair:2   | Reached skill level 8 in Fighting
 14826 | Lair:3   | Reached XP level 12. HP: 62/92 MP: 12/12
 17074 | Lair:4   | Reached skill level 5 in Crossbows
 17386 | Lair:4   | HP: 3/94 [bog body/bolt of cold (24)]
 17394 | Lair:4   | Found a staircase to the Swamp.
 17969 | Lair:4   | Noticed a seven-headed hydra
 17979 | Lair:4   | Killed a nine-headed hydra
 18126 | Lair:4   | Found a hole to the Spider Nest.
 18164 | Lair:4   | Reached skill level 9 in Fighting
 18167 | Lair:4   | Reached XP level 13. HP: 93/101 MP: 13/13
 20273 | Lair:5   | Found a staircase to the Slime Pits.
 20962 | Lair:6   | Entered Level 6 of the Lair of Beasts
 21717 | Lair:6   | Found a large runed translucent door.
 21718 | Lair:6   | Found a large runed translucent door.
 21718 | Lair:6   | Noticed a fire dragon
 23226 | Lair:6   | Reached XP level 14. HP: 78/109 MP: 14/14
 23267 | Lair:6   | Reached skill level 10 in Fighting
 24795 | D:11     | Found Plog's Magic Scroll Boutique.
 24807 | D:11     | Bought a scroll of summoning for 95 gold pieces
 24807 | D:11     | Bought a scroll of amnesia for 35 gold pieces
 24807 | D:11     | Bought a scroll of blinking for 75 gold pieces
 24807 | D:11     | Bought a scroll of identify for 20 gold pieces
 24807 | D:11     | Bought a scroll of identify for 20 gold pieces
 24807 | D:11     | Bought a scroll of identify for 20 gold pieces
 25552 | D:12     | Identified the ring of the City {rPois rC+ Dex+3}
 25682 | D:12     | Found a runed translucent gate.
 25682 | D:12     | Found a runed translucent gate.
 25682 | D:12     | Found a runed translucent gate.
 25682 | D:12     | Found an opulent altar of Gozag.
 25684 | D:12     | Noticed ytrimaz's ghost (journeyman MiBe)
 25684 | D:12     | Noticed a frost giant
 25685 | D:12     | Noticed a tengu reaver
 25685 | D:12     | Found Oroth's Assorted Antiques.
 25690 | D:12     | Found Ogotoga's Assorted Antiques.
 26457 | D:12     | Found a staircase to the Orcish Mines.
 26742 | D:12     | Killed a frost giant
 27170 | D:12     | Killed a tengu reaver
 27554 | D:12     | Killed ytrimaz's ghost
 28016 | D:12     | Bought 3 scrolls of identify for 96 gold pieces
 28020 | D:12     | Bought a scroll of identify for 32 gold pieces
 28024 | D:12     | Bought a blackened flail for 136 gold pieces
 28024 | D:12     | Identified the +2 flail of Fomosu {vorpal, Dex+5} (You
                  | bought it in a shop on level 12 of the Dungeon)
 28024 | D:12     | Bought a scroll of teleportation for 48 gold pieces
 28024 | D:12     | Bought a scroll of teleportation for 48 gold pieces
 28113 | Orc:1    | Entered Level 1 of the Orcish Mines
 28128 | Orc:2    | Entered Level 2 of the Orcish Mines
 28128 | Orc:2    | Found a staircase to the Elven Halls.
 28128 | Orc:2    | Found Fonot's Jewellery Boutique.
 28162 | Orc:2    | Found Otsizoa's Distillery.
 28663 | Orc:1    | Found a frozen archway.
 28682 | IceCv    | Entered an ice cave
 29019 | IceCv    | Noticed a frost giant
 29034 | IceCv    | Killed a frost giant
 29420 | IceCv    | Reached skill level 11 in Fighting
 29612 | IceCv    | Reached skill level 10 in Dodging
 30316 | Orc:2    | Gained mutation: Spells you cast may paralyse adjacent
                  | enemies. [demonic ancestry]
 30316 | Orc:2    | Reached XP level 15. HP: 118/118 MP: 15/15
 30321 | Orc:2    | Noticed an orc warlord
 30558 | Orc:2    | Paralysed by an orc sorcerer for 7 turns
 31356 | Orc:2    | Killed an orc warlord
 31357 | Orc:2    | Reached skill level 10 in Armour
 31794 | Orc:2    | Found Ciraitis's Antique Weapon Shoppe.
 31821 | Orc:2    | Found Fabis's Jewellery Shoppe.
 31831 | Orc:2    | Reached skill level 10 in Axes
 32026 | Orc:2    | Found Icumun's Antique Armour Boutique.
 32095 | Orc:2    | Found a runed translucent gate.
 32095 | Orc:2    | Found a runed translucent gate.
 32095 | Orc:2    | Found a runed translucent gate.
 32097 | Orc:2    | Noticed Spaninq's ghost (journeyman DsAK)
 32097 | Orc:2    | Noticed siradein's ghost (journeyman DrSu)
 32118 | Orc:2    | Found Qarat's Assorted Antiques.
 32121 | Orc:2    | Found Zioll's General Store.
 32121 | Orc:2    | Noticed an orc warlord
 32139 | Orc:2    | Paralysed by an orc sorcerer for 5 turns
 32182 | Orc:1    | Killed an orc warlord
 32595 | Orc:2    | Bought a scroll labelled TEICOA NARR for 25 gold pieces
 32595 | Orc:2    | Bought a scroll of identify for 50 gold pieces
 32595 | Orc:2    | Bought a scroll of enchant weapon for 187 gold pieces
 32597 | Orc:2    | Reached XP level 16. HP: 126/126 MP: 16/16
 32598 | Orc:2    | Reached XP level 17. HP: 131/131 MP: 17/17
 32599 | Orc:2    | Acquired a manual of Throwing
 32619 | Orc:2    | Bought a scroll of teleportation for 45 gold pieces
 32712 | Orc:2    | Found Koessuro's General Store.
 32783 | Orc:2    | Found Idolis's Book Boutique.
 33548 | Orc:2    | Killed Spaninq's ghost
 33808 | Orc:2    | Got the Papyrus of Calling and Intoxication
 35311 | D:14     | Found a gate leading to a gauntlet.
 35497 | Gauntlet | Entered a Gauntlet
 35497 | Gauntlet | Found a transporter.
 35497 | Gauntlet | Found a runed translucent gate.
 35497 | Gauntlet | Found a transporter.
 35497 | Gauntlet | Found a runed translucent gate.
 35498 | Gauntlet | Found a runed translucent gate.
 35510 | Gauntlet | Found a transporter.
 35528 | Gauntlet | Found a transporter.
 35528 | Gauntlet | Found a transporter.
 35528 | Gauntlet | Found a transporter.
 35530 | Gauntlet | Found a transporter.
 35530 | Gauntlet | Found a transporter.
 35542 | Gauntlet | Found a transporter.
 35558 | Gauntlet | Found a transporter.
 35568 | Gauntlet | Found a transporter.
 35586 | Gauntlet | Found a transporter.
 35605 | Gauntlet | Found a transporter.
 35620 | Gauntlet | Found a transporter.
 35683 | Gauntlet | Identified the ring of the Original Sin {rElec EV+4 Int+7
                  | Dex-4}
 35710 | Gauntlet | Identified the +0 pair of gloves of Jozom {+Inv rPois Int-3
                  | Slay+2}
 35729 | Gauntlet | Identified the ring of Raint {rElec rCorr Stlth+}
 36043 | D:14     | Found a hide-covered altar of Uskayaw.
 36677 | D:14     | Found a gate to the Vaults.
 37517 | D:15     | Entered Level 15 of the Dungeon
 37804 | D:15     | Reached skill level 12 in Fighting
 37808 | D:15     | Reached skill level 10 in Shields
 38358 | D:15     | Found a staircase to the Depths.
 39276 | Orc:2    | Killed siradein's ghost
 39534 | Orc:2    | Bought an encrusted leather armour for 203 gold pieces
 39534 | Orc:2    | Identified the +3 leather armour "Qiukauxa" {rN+ Will+}
                  | (You bought it in a shop on level 2 of the Orcish Mines)
 39534 | Orc:2    | Bought a smelly ring mail for 261 gold pieces
 39534 | Orc:2    | Identified the +0 ring mail of Negation {rElec rC+ Dex+4}
                  | (You bought it in a shop on level 2 of the Orcish Mines)
 39534 | Orc:2    | Bought a slimy ring mail for 261 gold pieces
 39534 | Orc:2    | Identified the +3 ring mail "Wuawium" {Dex+4} (You bought
                  | it in a shop on level 2 of the Orcish Mines)
 39812 | D:1      | Bought a shiny helmet for 187 gold pieces
 39812 | D:1      | Bought a glowing helmet for 187 gold pieces
 39846 | D:1      | Bought a faintly glowing helmet for 313 gold pieces
 39846 | D:1      | Identified the -4 helmet "Tuhozacs" {Rampage rElec Dex+3}
                  | (You bought it in a shop on level 1 of the Dungeon)
 39849 | D:1      | Bought a potion of heal wounds for 75 gold pieces
 39852 | D:1      | Bought a brightly glowing cloak for 228 gold pieces
 39852 | D:1      | Identified the +0 cloak of the Jolly Seers {Dex+4} (You
                  | bought it in a shop on level 1 of the Dungeon)
 39857 | D:1      | Bought a smoking hand crossbow for 306 gold pieces
 39857 | D:1      | Identified the +6 hand crossbow "Ivijed" {flame, Will+}
                  | (You bought it in a shop on level 1 of the Dungeon)
 39857 | D:1      | Bought a fading hand crossbow for 306 gold pieces
 39857 | D:1      | Identified the +0 hand crossbow "Etull" {vorpal, +Blink
                  | MP+9 Dex-2} (You bought it in a shop on level 1 of the
                  | Dungeon)
 40115 | Orc:2    | Bought an amulet of regeneration for 480 gold pieces
 40312 | Spider:1 | Entered Level 1 of the Spider Nest
 41304 | Spider:1 | Reached XP level 18. HP: 139/141 MP: 18/18
 42497 | Swamp:1  | Entered Level 1 of the Swamp
 42586 | Lair:4   | Bought a scroll of enchant weapon for 105 gold pieces
 42586 | Lair:4   | Bought a potion of heal wounds for 70 gold pieces
 42586 | Lair:4   | Bought a scroll of fear for 49 gold pieces
 42587 | Lair:4   | Upgraded the game from 0.28-a0-664-gc179e30c89 to
                  | 0.28-a0-674-gdaf460b524
 42650 | Spider:1 | Quit the game

Illustrated notes

Levels and vault maps discovered:
D:1:      wander_arrival_peaceful_grave, layout_basic, serial_shops,
          nicolae_shop_trees, hellmonk_ecumenical_altar_heavens_door,
          hangedman_glass_teeth, lemuel_another_geyser
D:2:      layout_basic
D:3:      layout_basic
D:4:      layout_cave_pods
D:5:      layout_basic, uniq_grinder
D:6:      old_forge, layout_cave_pools,
          mainiacjoe_overflow_concentric_impassable,
          minmay_temple_entry_mini_moons, kennysheep_generic_room_10
D:7:      layout_basic, amcnicky_mini_pool_small, kennysheep_generic_room_3,
          uniq_joseph
D:8:      nicolae_whirlpool, layout_loops_ring, dk_vineyard_3
D:9:      nzn_winding_woodlands_medium [nzn_winding_woodlands_hourglass,
          nzn_winding_woodlands_5x15_jagged,
          nzn_winding_woodlands_5x5_open_star,
          nzn_winding_woodlands_5x5_closed_star,
          nzn_winding_woodlands_center_lodge, nzn_winding_woodlands_5x5_default,
          nzn_winding_woodlands_5x5_perimeter, nzn_winding_woodlands_5x15_twine,
          nzn_winding_woodlands_5x5_default], layout_basic
D:10:     layout_basic, dpeg_oklobed_lair, kennysheep_doodads,
          serial_bayou_pond_c, grunt_ministairs_11, uniq_maurice
D:11:     layout_roguey, serial_shops, nicolae_shop_trees
D:12:     layout_roguey, erik_orc_1, ebering_ghost_gozag
D:13:     layout_rooms, serial_bayou, serial_bayou_shore_b, serial_bayou_pond_a,
          serial_bayou_shore_b, serial_bayou_crossing
D:14:     layout_roguey, david_vaults_2, lemuel_crystal_altar,
          gauntlet_entry_generic, serial_corexii_hall, corexii_hall_statues_l,
          chequers_hall_statues_y, serial_park_tiny_pond,
          nicolae_uskayaw_suspiria
D:15:     hangedman_depths_entry_civil_slaughter, layout_loops_ring
Temple:   dpeg_three_leaves_temple
Lair:1:   layout_roguey, serial_bayou_shore_b, grunt_megastairs_4,
          lemuel_fruit_tree, serial_bayou_shore_a
Lair:2:   layout_loops_ring, st_stairs_8, beast_lair_carwin_3,
          grunt_megastairs_1, lemuel_fruit_fields, infiniplex_staircase_pool_2,
          uniq_prince_ribbit2
Lair:3:   layout_layer_cave, chequers_serial_rivers_small_3, forest_entry_grove
Lair:4:   layout_gridlike, nicolae_swamp_entry_splash_gauntlet,
          spider_nest_entry_rubble, ice2_lemuel
Lair:5:   layout_cave_pods, dpeg_slime_entry_corner,
          grunt_forest_large_clearings, infiniplex_staircase_pool
Lair:6:   cheibrodos_lair_end_hotspot, layout_gridlike, columned_hall_lemuel
Swamp:1:  layout_falls_marsh, evilmike_swamp_ruin_wall, swamp_pool2
Spider:1: layout_spider_delve, spiders_nest_spider_trap
Spider:2: layout_spider_delve
Orc:1:    layout_caves, portal_ice_cave_demonic_guard, minmay_orc_keep
Orc:2:    grunt_orc_gardens, layout_caves, grunt_orc_garden, grunt_orc_garden,
          grunt_orc_garden, grunt_orc_garden, serial_shops, nicolae_shop_stone,
          shop, shop, shop, shop, gammafunk_ghost_cemetery, basic_altar

Skill      XL: |  1  2  3  4  5  6  7  8  9 10 11 12 13 14 15 16 17 |
---------------+----------------------------------------------------+-----
Dodging        | 2 3 4 5 6 7 8 10 11 | 11.6
Armour         | 1 2 3 4 5 6 7 8 9 10 11 | 11.4
Axes           | 2 3 4 5 6 7 8 9 10 11 | 11.7
Throwing       | 1 2 3 4 5 6 7 8 |  8.6
Shields        | 1 2 3 4 5 6 7 9 10 | 10.7
Fighting       | 4 5 6 7 8 9 11 12 | 12.7
Evocations     | 1 2 3 4 5 6 7 9 |  9.1
Crossbows      | 2 4 5 7 8 |  8.2
Maces & Flails | 3 |  3.5
Stealth        | |  4.5

Action                   |  1- 3 |  4- 6 |  7- 9 | 10-12 | 13-15 | 16-18 || total
-------------------------+-------+-------+-------+-------+-------+-------++-------
Melee: Hand axe          |    56 |   102 |   323 |   299 |       |       ||   780
       Battleaxe         |    48 |       |       |       |       |       ||    48
       Broad axe         |       |       |       |   237 |   938 |   798 ||  1973
 Fire: Hand crossbow     |       |       |    26 |    90 |    48 |    40 ||   204
Throw: Dart              |       |     4 |       |    28 |    23 |       ||    55
Invok: Call Merchant     |       |       |       |       |       |     5 ||     5
Evoke: Wand              |     3 |     3 |       |    14 |    34 |     5 ||    59
       Box of beasts     |       |       |       |       |       |     1 ||     1
  Use: Potion            |     1 |       |       |     3 |     6 |    10 ||    20
       Scroll            |       |       |       |    13 |    23 |     4 ||    40
 Stab: Sleeping          |     2 |     1 |       |       |       |       ||     3
       Held in net/web   |       |       |     1 |       |       |       ||     1
       Distracted        |       |       |       |     7 |     9 |     8 ||    24
       Petrified         |       |       |       |       |     1 |       ||     1
Armor: Chain mail        |     7 |    20 |   228 |   312 |   531 |   486 ||  1584
       Leather armour    |     1 |       |       |       |       |       ||     1
       Scale mail        |    62 |    16 |       |       |       |       ||    78
       Ring mail         |       |     6 |       |       |       |       ||     6
Dodge: Dodged            |    56 |    23 |    57 |   177 |   287 |   426 ||  1026
       Repelled          |       |       |       |       |     1 |     3 ||     4
Block: Kite shield       |     3 |    63 |   277 |   424 |       |       ||   767
       Buckler           |       |       |       |   149 |    58 |       ||   207
       Reflection        |       |       |       |     2 |       |       ||     2
       Tower shield      |       |       |       |       |  1371 |  1281 ||  2652

Table legend: (Time is in decaauts)
 A = Elapsed time spent in this place.
 B = Non-inter-level travel time spent in this place.
 C = Inter-level travel time spent in this place.
 D = Time resting spent in this place.
 E = Time spent auto-exploring this place.
 F = Levels seen in this place.
 G = Mean time per level.
                   A        B        C        D        E       F      G
               +--------+--------+--------+--------+--------+-----+--------+
         Total |  43906 |  41258 |   2648 |   3041 |  29693 |  29 | 1514.0 |
       Dungeon |  22350 |  20680 |   1670 |   1159 |  15305 |  15 | 1490.0 |
        Temple |     10 |      5 |      5 |      0 |      0 |   1 |   10.0 |
          Lair |  12619 |  11922 |    697 |   1034 |   8991 |   6 | 2103.2 |
         Swamp |     12 |     12 |      0 |      0 |      0 |   1 |   12.0 |
   Spider Nest |   2202 |   2121 |     81 |    131 |   1229 |   2 | 1101.0 |
  Orcish Mines |   5048 |   4855 |    193 |    716 |   3008 |   2 | 2524.0 |
      Ice Cave |   1359 |   1359 |      0 |      0 |   1002 |   1 | 1359.0 |
      Gauntlet |    301 |    301 |      0 |      0 |    157 |   1 |  301.0 |
               +--------+--------+--------+--------+--------+-----+--------+

Top non-repeatable levels by time:
  Lair:4: 3694 daAuts
  Lair:6: 3183 daAuts
    D:12: 2935 daAuts
   Orc:1: 2623 daAuts
   Orc:2: 2425 daAuts
    D:10: 2082 daAuts
    D:14: 1967 daAuts
     D:9: 1966 daAuts
  Lair:5: 1935 daAuts
    D:15: 1595 daAuts
    D:11: 1553 daAuts
  Lair:3: 1545 daAuts
     D:5: 1498 daAuts
Spider:1: 1459 daAuts
   IceCv: 1359 daAuts
